 Dungeon Crawl Stone Soup version 0.30.0-5-g1a98f26d00 (webtiles) character file.

Game seed: 11095225845934241932

191 avis the Chopper (level 5, -6/46 HPs)
             Began as a Hill Orc Monk on May 8, 2023.
             Was a Believer of Beogh.
             Mangled by an ogre
             ... wielding a +0 giant club
              (9 damage)
             ... on level 4 of the Dungeon on May 9, 2023.
             The game lasted 00:16:20 (3264 turns).

avis the Chopper (Hill Orc Monk)                    Turns: 3264, Time: 00:16:21

Health: -6/46      AC: 12    Str: 16    XL:     5   Next: 70%
Magic:  5/5        EV:  7    Int: 10    God:    Beogh [**....]
Gold:   145        SH:  0    Dex: 13    Spells: 4/4 levels left

rFire   . . .        a - +0 war axe
rCold   . . .        d - orb {light}
rNeg    . . .        x - +0 storm dragon scales
rPois   .            q - +0 helmet
rElec   +            (no cloak)
rCorr   .            (no gloves)
SInv    .            (no boots)
Will    .....        (no amulet) Stlth
                     (no ring)
HPRegen 0.27/turn    (no ring)
MPRegen 0.09/turn

%: no passive effects
@: glowing
A: no striking features
a: Renounce Religion, Smiting


You were on level 4 of the Dungeon.
You worshipped Beogh.
Beogh was pleased with you.
You visited 1 branch of the dungeon, and saw 4 of its levels.

You collected 145 gold pieces.

Inventory:

Hand Weapons
 a - a +0 war axe (weapon)
 b - a +0 sling
 f - a +0 mace
 z - a +0 hand axe
Missiles
 o - 6 poisoned darts (quivered)
 y - a boomerang
Armour
 d - an orb of light (worn)
 h - a scarf of invisibility
 m - a +0 ring mail
 q - a +0 helmet (worn)
 x - +0 storm dragon scales (worn)
Jewellery
 e - a ring of magical power
Wands
 s - a wand of polymorph (8)
Scrolls
 g - a scroll of summoning {unknown}
 i - 2 scrolls of identify {unknown}
 j - a scroll of blinking {unknown}
 k - a scroll of noise {unknown}
 n - a scroll of torment {unknown}
 p - a scroll of brand weapon {unknown}
 r - a scroll of teleportation {unknown}
 t - a scroll of enchant armour {unknown}
 u - a scroll of fog {unknown}
Potions
 c - 2 potions of ambrosia
 l - 4 potions of curing {unknown}
 v - a potion of mutation {unknown}


   Skills:
 - Level 4.0 Fighting
 * Level 6.3 Axes
 + Level 3.0 Armour
 - Level 3.0 Dodging
 + Level 0.0 Invocations


You had 4 spell levels left.
You didn't know any spells.
Your spell library contained the following spells:

 Spells                   Type           Power      Damage    Failure   Level
 Ensorcelled Hibernation  Hex/Ice        0%         N/A       100%        2
 Passwall                 Tmut/Erth      0%         N/A       100%        2
 Dazzling Flash           Conj/Hex       0%         N/A       100%        3
 Swiftness                Air            0%         N/A       100%        3
 Agony                    Necr           0%         N/A       100%        5
 Silence                  Hex/Air        0%         N/A       100%        5


Dungeon Overview and Level Annotations

Branches:
Dungeon (4/15)
 Temple: D:4-7

Altars:
Uskayaw


Message History

* * * LOW HITPOINT WARNING * * *
Okay, then.
There is a stone staircase leading up here.
You climb upwards.
There is a stone staircase leading down here.
You open the door.
There is an open door here.
You open the door.
There is an open door here.
There is a stone staircase leading down here.
You start resting.
HP restored.
You climb downwards.
There is a stone staircase leading up here.
Throw: 8 darts (poison)
Press: ? - help, Q - select action, (/) - cycle Shift-Dir - straight line, f - ogre
Aim: an ogre, wielding a +0 giant club (haloed, 93% to hit)
You throw a poisoned dart. The poisoned dart hits the ogre.
The ogre is poisoned.
Throw: 7 darts (poison)
Press: ? - help, Q - select action, (/) - cycle Shift-Dir - straight line, f/p - ogre
Aim: an ogre, wielding a +0 giant club (lightly wounded, poisoned, haloed, 93% to hit)
You throw a poisoned dart. The poisoned dart hits the ogre.
The ogre looks even sicker.
The ogre is lightly wounded.
You completely miss the ogre.
The ogre is lightly wounded.
The ogre hits you with a +0 giant club!!
Ouch! That really hurt!
You slash the ogre!
The ogre is heavily wounded.
The ogre hits you with a +0 giant club.
You hit the ogre but do no damage.
The ogre is heavily wounded.
You hit the ogre.
The ogre is severely wounded.
The ogre hits you with a +0 giant club!
* * * LOW HITPOINT WARNING * * *
The ogre attacks as you move away! The ogre hits you with a +0 giant club!
You die...

#+#### #.@O.# #
.≈
.######.##.#..~~
.............~≈≈
.......<...##≈≈≈
......(######
#......'<...#
......(####.#
......( .......


You could see an ogre (poisoned).

Vanquished Creatures
  2 hounds
  4 adders
  A worm (D:2)
  2 dart slugs (D:2)
  5 orcs
  4 endoplasms
  6 giant cockroaches
  5 goblins
  7 hobgoblins
  3 quokkas
  9 ball pythons
  15 bats
  5 frilled lizards
  9 kobolds
  9 rats
86 creatures vanquished.

Notes
Turn   | Place    | Note
-------+----------+-------------------------------------------
     0 | D:1      | avis the Hill Orc Monk began the quest for the Orb.
     0 | D:1      | Reached XP level 1. HP: 19/19 MP: 1/1
   137 | D:1      | Reached XP level 2. HP: 20/27 MP: 2/2
   230 | D:1      | Reached skill level 1 in Armour
   419 | D:1      | Reached XP level 3. HP: 33/33 MP: 3/3
   575 | D:1      | Found a faded altar of an unknown god.
  1000 | D:1      | Found a hide-covered altar of Uskayaw.
  1291 | D:2      | Reached XP level 4. HP: 40/40 MP: 4/4
  1576 | D:2      | Reached skill level 5 in Axes
  2306 | D:3      | Reached skill level 6 in Axes
  2306 | D:3      | Reached XP level 5. HP: 42/46 MP: 5/5
  3039 | D:3      | Became a worshipper of Beogh the Brigand
  3039 | D:3      | Reached * piety under Beogh
  3039 | D:3      | Reached ** piety under Beogh
  3123 | D:4      | Noticed an ogre
  3261 | D:4      | HP: 2/46 [ogre/+0 giant club (16)]
  3264 | D:4      | Mangled by an ogre

Illustrated notes

Levels and vault maps discovered:
D:1:      dpeg_arrival_lava_altar, layout_basic, ebering_ecumenical_altar_hall,
          minmay_close_crescents
D:2:      layout_loops_corners
D:3:      layout_loops_corners
D:4:      layout_basic, lemuel_zombie_altar_kikubaaqudgha,
          chequers_serial_rivers_large_a, minmay_gold_behind_fungi,
          kennysheep_path_1

Skill      XL: |  1  2  3  4  5 |
---------------+----------------+-----
Fighting       | 4 |  4.0
Armour         | 1 2 3 |  3.0
Axes           | 6 |  6.3
Dodging        | 3 |  3.0

Action                     |  1- 3 |  4- 6 || total
---------------------------+-------+-------++-------
  Melee: Hand axe          |   130 |    94 ||   224
         War axe           |       |    19 ||    19
  Throw: Dart              |       |     6 ||     6
 Invoke: Convert to Beogh  |       |     1 ||     1
 Armour: Robe              |    24 |       ||    24
         Ring mail         |     7 |    25 ||    32
         Storm dragon scal |       |    16 ||    16
  Dodge: Dodged            |    85 |    60 ||   145
